 Dungeon Crawl Stone Soup version 0.29.1-15-g9cfb28693d (webtiles) character file.

Game seed: 14214877534831239925

123 Chatter the Trooper (level 5, 0/59 HPs)
             Began as an Ogre Berserker on Mar 13, 2023.
             Was a Believer of Trog.
             Slain by a worm (7 damage)
             ... on level 3 of the Dungeon.
             The game lasted 00:07:24 (3009 turns).

Chatter the Trooper (Ogre Berserker)                Turns: 3009, Time: 00:07:25

Health: 0/59       AC:  3    Str: 23    XL:     5   Next: 7%
Magic:  5/5        EV: 10    Int:  8    God:    Trog [**....]
Gold:   129        SH:  0    Dex:  8    Spells: 4/4 levels left

rFire   . . .      SeeInvis .   a - +0 hand axe
rCold   . . .      Faith    .   (no shield)
rNeg    . . .      Spirit   .   q - +0 robe
rPois   .          Reflect  .   (helmet restricted)
rElec   .          Harm     .   (no cloak)
rCorr   .          Rampage  .   (gloves unavailable)
Will    .....                   (boots unavailable)
Stlth   +.........              (no amulet)
HPRegen 0.19/turn               (no ring)
MPRegen 0.09/turn               (no ring)

@: weak-willed, on berserk cooldown, slowed, very slow
A: large, unfitting armour, tough skin 1
a: Renounce Religion, Berserk, Trog's Hand


You were on level 3 of the Dungeon.
You worshipped Trog.
Trog was pleased with you.
You visited 1 branch of the dungeon, and saw 3 of its levels.

You collected 129 gold pieces.

Inventory:

Hand Weapons
 a - a +0 hand axe (weapon)
 o - a +0 glaive
Missiles
 d - a javelin
 r - 2 boomerangs (quivered)
Armour
 b - a +0 animal skin
 n - a +0 ring mail
 p - a +1 pair of boots of stealth
 q - a +0 robe (worn)
Magical Staves
 k - a staff of cold
Scrolls
 e - a scroll of identify
 g - a scroll of teleportation
 j - a scroll of poison {unknown}
 l - a scroll of brand weapon {unknown}
 m - a scroll of fear {unknown}
Potions
 c - a potion of mutation {unknown}
 f - 3 potions of curing
 h - a potion of cancellation {unknown}


   Skills:
 + Level 5.9 Fighting
 + Level 4.4 Axes
 - Level 2.6 Dodging


You had 4 spell levels left.
You didn't know any spells.
Your spell library was empty.

Dungeon Overview and Level Annotations

Branches:
Dungeon (3/15)

Altars:
Makhleb

Shops:
D:1 (

Annotations:
D:3 Grinder


Innate Abilities, Weirdness & Mutations

You are too large for most types of armour.
You have tough skin. (AC +1)


Message History

Grinder hits you but does no damage.
A red film seems to cover your vision as you go berserk!
You feel yourself moving faster!
You feel mighty! Grinder hits you!
* * * LOW HITPOINT WARNING * * *
You slash Grinder!
Grinder is severely wounded.
Grinder blinks!
You feel a strong urge to attack something.
You feel your anger nearly subside.
You are no longer berserk.
You are exhausted.
You feel yourself slow down.
Grinder blinks!
Grinder gestures at you. Pain shoots through your body!
* * * LOW HITPOINT WARNING * * *
Grinder blinks!
An orc comes into view. It is wielding a +0 club.
The orc shouts!
A worm comes into view.
You closely miss the orc. The orc closely misses you.
You hit the orc.
The orc is moderately wounded.
Grinder blinks!
The orc hits you but does no damage. The orc closely misses you.
You hit the orc but do no damage. You punch the orc.
The orc is severely wounded.
The orc closely misses you. The orc hits you with a +0 club.
* * * LOW HITPOINT WARNING * * *
You closely miss the orc.
The orc is severely wounded.
The orc closely misses you.
You hit the orc.
You kill the orc!
Trog accepts your kill.
You hit the worm. The worm bites you.
* * * LOW HITPOINT WARNING * * *
Grinder gestures at you. You resist with significant effort.
The worm bites you!
You die...

##....≈§§§....≈..)...#
##...≈.≈§≈≈≈.≈.##.###
##..≈.§.....≈.# .#
#5.≈≈≈≈≈≈≈≈≈.# #
#............#
##.###..######
##.###.## ##...##.#
#..@w...# ##.........
#....###.## ......# #
###....# ##..#. ##.##
#.#


You could see Grinder and a worm.

Vanquished Creatures
  An orc priest (D:3)
  3 gnolls (D:2)
  An adder (D:2)
  5 orcs (D:3)
  8 endoplasms
  3 giant cockroaches
  13 goblins
  A hobgoblin (D:3)
  A quokka (D:1)
  4 ball pythons
  2 bats (D:1)
  2 frilled lizards
  3 kobolds
  2 rats (D:1)
49 creatures vanquished.

Notes
Turn   | Place    | Note
-------+----------+-------------------------------------------
     0 | D:1      | Chatter the Ogre Berserker began the quest for the Orb.
     0 | D:1      | Reached XP level 1. HP: 24/24 MP: 1/1
   205 | D:1      | Reached XP level 2. HP: 18/33 MP: 2/2
   957 | D:1      | Found Cace's Antique Weapon Emporium.
   979 | D:1      | Reached ** piety under Trog
   980 | D:1      | Reached XP level 3. HP: 40/40 MP: 3/3
  1358 | D:2      | Reached skill level 5 in Fighting
  2348 | D:2      | Reached XP level 4. HP: 48/50 MP: 4/4
  2776 | D:3      | Found a burning altar of Makhleb.
  2778 | D:3      | Reached XP level 5. HP: 40/59 MP: 5/5
  2933 | D:3      | Noticed Grinder
  2955 | D:3      | Paralysed by Grinder for 4 turns
  3009 | D:3      | Slain by a worm

Illustrated notes

Levels and vault maps discovered:
D:1:      minmay_arrival_shattered_statue, layout_loops_corners, serial_shops,
          nicolae_shop_statue_plus, minmay_tromino_v4_b
D:2:      layout_loops_corners, grunt_ministairs_4
D:3:      layout_loops_corners, mainiacjoe_overflow_concentric_impassable,
          shapermc_ecumenical_altar_venn, uniq_grinder

Skill      XL: |  1  2  3 |
---------------+----------+-----
Fighting       | 5 |  5.9
Axes           | 4 |  4.4
Dodging        | |  2.6

Action                   |  1- 3 |  4- 6 || total
-------------------------+-------+-------++-------
Melee: Hand axe          |   109 |    45 ||   154
       Punch             |     2 |     3 ||     5
Throw: Javelin           |       |     2 ||     2
       Boomerang         |       |     5 ||     5
Invok: Berserk           |     1 |     3 ||     4
       Trog's Hand       |       |     2 ||     2
  Use: Scroll            |     4 |     1 ||     5
Armor: Animal skin       |    35 |       ||    35
       Robe              |       |     7 ||     7
Dodge: Dodged            |    64 |    20 ||    84
